 Dungeon Crawl Stone Soup version 0.31.0-32-g396128a36d (webtiles) character file.

Game seed: 6408760561926721712

570 PaiMei the Digger (level 7, -6/42 HPs)
             Began as a Gargoyle Earth Elementalist on Apr 23, 2024.
             Mangled by an ogre
             ... wielding a +0 giant club
              (15 damage)
             ... on level 5 of the Dungeon.
             The game lasted 00:07:55 (4463 turns).

PaiMei the Digger (Gargoyle Earth Elementalist)     Turns: 4463, Time: 00:07:56

Health: -6/42      AC:  8    Str:  8    XL:     7   Next: 34%
Magic:  10/12      EV: 11    Int: 17    God:
Gold:   155        SH:  3    Dex: 10    Spells: 6/13 levels left

rFire   . . .        t - +2 war axe "Giantbane" {flame, rPois rN+ Str-4}
rCold   . . .        x - +0 buckler
rNeg    + + .        a - +0 robe
rPois   ∞            (no helmet)
rElec   +            (no cloak)
rCorr   .            (no gloves)
SInv    .            y - +0 pair of boots
Will    .....        (no amulet)
Stlth   ++           (no ring)
HPRegen 0.27/turn    (no ring)
MPRegen 0.13/turn

%: no passive effects
@: no status effects
A: sickness immunity, AC +4, negative energy resistance 1, electricity
resistance, torment resistance 1, petrification resistance
a: no special abilities


You were on level 5 of the Dungeon.
You visited 1 branch of the dungeon, and saw 5 of its levels.

You collected 155 gold pieces.

Inventory:

Hand Weapons
 c - a +0 whip
 e - a +2 dagger of holy wrath
 g - a +1 heavy spear
 p - a +2 dagger of venom
 t - the +2 war axe "Giantbane" (weapon) {flame, rPois rN+ Str-4}
   (You found it on level 4 of the Dungeon)

   Str-4:     It affects your strength (-4).
   rPois:     It protects you from poison rN+: It protects you from negative
   energy.
Missiles
 f - 18 poisoned darts (quivered)
 k - 51 stones
 s - 6 javelins
 z - a throwing net
Armour
 a - a +0 robe (worn)
 w - a +0 ring mail
 x - a +0 buckler (worn)
 y - a +0 pair of boots (worn)
Jewellery
 j - a +6 ring of intelligence
Wands
 u - a wand of charming (8)
 v - a wand of iceblast (12)
Scrolls
 d - 3 scrolls of blinking {unknown}
 h - 3 scrolls of revelation {unknown}
 i - 3 scrolls of identify {unknown}
 m - a scroll of butterflies {unknown}
 o - 2 scrolls of immolation {unknown}
 r - 2 scrolls of teleportation {unknown}
Potions
 b - a potion of magic
 l - 4 potions of cancellation {unknown}
 n - 2 potions of mutation {unknown}
 q - a potion of brilliance {unknown}


   Skills:
 + Level 3.7 Fighting
 + Level 3.7 Armour
 - Level 1.7 Dodging
 - Level 2.4 Stealth
 + Level 3.9 Spellcasting
 - Level 1.3 Conjurations
 + Level 5.8 Earth Magic


You had 6 spell levels left.
You knew the following spells:

 Your Spells              Type           Power      Damage    Failure   Level
a - Sandblast             Erth           46%        2d11      2%          1
b - Stone Arrow           Conj/Erth      30%        3d8       19%         3
c - Passwall              Erth           23%        N/A       7%          3

Your spell library contained the following spells:

 Spells                   Type           Power      Damage    Failure   Level
 Brom's Barrelling Bould  Conj/Erth      15%        2d4       52%         4
 Petrify                  Alch/Erth      13%        N/A       61%         4


Dungeon Overview and Level Annotations

Branches:
Dungeon (5/15)
 Temple: D:4-7

Altars:

Shops:
D:2 ==*(

Annotations:
D:2 1 runed translucent door, Crazy Yiuf; Terence
D:3 2 transporters, gamers12's ghost, amateur MiFi


Innate Abilities, Weirdness & Mutations

You are immune to sickness and miasma.
Your stone body is resilient. (AC +4)
You are immune to poison.
You resist negative energy. (rN+)
You are resistant to electric shocks. (rElec)
You are resistant to unholy torment.
You are immune to petrification.


Message History

You barely miss the black bear.
The black bear is moderately wounded.
The black bear barely misses you. The black bear claws you.
The black bear claws you but does no damage.
The black bear bites you but does no damage.
The black bear claws you but does no damage. x2
Casting: Sandblast (safe; 2% risk of failure)
Confirm with . or Enter, or press ? or * to list all spells.
Aiming: Sandblast (safe; 2% risk of failure)
Press: ? - help, Shift-Dir - straight line, f - black bear
Aim: a black bear (moderately wounded, 87% to hit)
The blast of sand hits the black bear!
The black bear is severely wounded.
The black bear goes berserk!
An ogre comes into view. It is wielding a +0 giant club.
Casting: Sandblast (safe; 2% risk of failure)
Confirm with . or Enter, or press ? or * to list all spells.
Aiming: Sandblast (safe; 2% risk of failure)
Press: ? - help, Shift-Dir - straight line, f/p - black bear
Aim: a black bear (severely wounded, berserk, 87% to hit)
The blast of sand hits the black bear.
The black bear is almost dead.
The black bear bites you! The black bear closely misses you. x2
The black bear bites you but does no damage.
The black bear closely misses you. The black bear claws you.
* * * LOW HITPOINT WARNING * * *
The black bear barely misses you. The black bear claws you.
* * * LOW HITPOINT WARNING * * *
You block the black bear's attack.
Casting: Sandblast (safe; 2% risk of failure)
Confirm with . or Enter, or press ? or * to list all spells.
Aiming: Sandblast (safe; 2% risk of failure)
Press: ? - help, Shift-Dir - straight line, f/p - black bear
Aim: a black bear (almost dead, berserk, 87% to hit)
The blast of sand hits the black bear!
You kill the black bear!
You hit the ogre. You burn the ogre.
The ogre is moderately wounded.
The ogre hits you with a +0 giant club!
You die...

..########.#.....##.....###
..........)............##
..<.#....#.###########.#
.>..+.......# #.#
..#.#....#..## ###
..+.#....#...# ######~
..###... #.#.### #...##r
..# #... #.#...####...##.
### #.. #.###..@O....##B
#.. #.# #####....# ~## #.#
##..####.## #.
##....#).###...
##)..'........
#...#####.... #...# ..
#....# #....#


You could see an ogre.

Vanquished Creatures
  Sigmund (D:3)
  A black bear (D:5)
  A gnoll sergeant (D:4)
  Blork the orc (D:5)
  An orc priest (D:3)
  Ijyb (D:4)
  An orc wizard (D:3)
  3 gnolls (D:4)
  2 adders
  3 ribbon worms
  2 dart slugs
  3 orcs
  6 bats
  An endoplasm (D:2)
  4 giant cockroaches
  3 goblins
  7 hobgoblins
  6 jackals
  4 quokkas
  2 ball pythons
  A frilled lizard (D:1)
  9 kobolds
  3 rats
66 creatures vanquished.

Notes
Turn   | Place    | Note
-------+----------+-------------------------------------------
     0 | D:1      | PaiMei the Gargoyle Earth Elementalist began the quest for
                  | the Orb.
     0 | D:1      | Reached XP level 1. HP: 10/10 MP: 3/3
   103 | D:1      | Reached XP level 2. HP: 7/15 MP: 1/5
   357 | D:1      | Reached skill level 4 in Earth Magic
   363 | D:1      | Reached XP level 3. HP: 15/20 MP: 6/6
   939 | D:2      | Noticed Terence
   968 | D:2      | Found Hiagob's Assorted Antiques.
   983 | D:2      | Reached skill level 1 in Armour
  1010 | D:2      | Found Pupeirgh's Antique Weapon Shop.
  1056 | D:2      | Reached skill level 1 in Fighting
  1065 | D:2      | Found Kyaludd's Jewellery Shoppe.
  1116 | D:2      | You fall into a shaft and drop 1 floor!
  1385 | D:3      | Found a transporter.
  1388 | D:3      | Found a transporter.
  1389 | D:3      | Noticed gamers12's ghost (amateur MiFi)
  1401 | D:3      | Noticed Sigmund
  1714 | D:2      | Found a runed translucent door.
  1715 | D:2      | Noticed Crazy Yiuf
  1768 | D:2      | Reached XP level 4. HP: 25/25 MP: 7/7
  1770 | D:2      | Found Muoroah's Jewellery Shoppe.
  2100 | D:2      | Found a faded altar of an unknown god.
  2502 | D:3      | Killed Sigmund
  2503 | D:3      | Reached skill level 5 in Earth Magic
  2503 | D:3      | Reached XP level 5. HP: 25/31 MP: 1/9
  2503 | D:3      | Reached XP level 6. HP: 29/36 MP: 1/10
  3013 | D:4      | Learned a level 3 spell: Stone Arrow
  3017 | D:4      | Learned a level 3 spell: Passwall
  3116 | D:4      | Identified the +2 war axe "Giantbane" {flame, rPois rN+
                  | Str-4}
  3174 | D:4      | Noticed Ijyb
  3703 | D:4      | Killed Ijyb
  4278 | D:5      | Entered Level 5 of the Dungeon
  4298 | D:5      | Noticed Blork the orc
  4304 | D:5      | Killed Blork the orc
  4305 | D:5      | Reached XP level 7. HP: 25/41 MP: 6/12
  4463 | D:5      | Mangled by an ogre

Illustrated notes

Levels and vault maps discovered:
D:1:      wander_arrival_chamber, layout_basic
D:2:      layout_rooms, serial_shops, nicolae_shop_window_shopping,
          nicolae_shop_tiny_waterfront, nicolae_shop_window_shopping,
          nicolae_shop_peninsula, dreamdust_ecumenical_altar_angels_and_demons,
          corexii_hall_statues_u, uniq_terence, uniq_crazy_yiuf_cottage
D:3:      layout_basic, gammafunk_ghost_mausoleum, uniq_sigmund
D:4:      layout_loops_corners, nicolae_zen_rock_garden,
          dreamdust_princess_corridor, uniq_ijyb
D:5:      layout_basic, mainiacjoe_overflow_alcove_2,
          minmay_temple_entry_sparse_star, gup_sewer_entry_spiral,
          nicolae_nh_oracle_at_delphi, uniq_edmund, uniq_blork_the_orc

Skill      XL: |  1  2  3  4  5  6 |
---------------+-------------------+-----
Earth Magic    | 4 5 |  5.8
Armour         | 1 2 3 |  3.7
Fighting       | 1 2 3 |  3.7
Spellcasting   | 3 |  3.9
Dodging        | |  1.7
Stealth        | |  2.4
Conjurations   | |  1.3

Action                     |  1- 3 |  4- 6 |  7- 9 || total
---------------------------+-------+-------+-------++-------
  Melee: Whip              |    30 |       |       ||    30
         Dagger            |    16 |       |       ||    16
         Spear             |    48 |    23 |       ||    71
         Punch             |       |     1 |       ||     1
         War axe           |       |    18 |    13 ||    31
   Cast: Sandblast         |     9 |    35 |     3 ||    47
         Stone Arrow       |       |     3 |       ||     3
  Evoke: Wand              |       |     2 |       ||     2
   Stab: Sleeping          |     6 |     4 |       ||    10
 Armour: Robe              |    63 |    69 |    30 ||   162
  Dodge: Dodged            |    89 |    44 |    26 ||   159
  Block: Buckler           |       |       |     2 ||     2
